 Dungeon Crawl Stone Soup version 0.28.0-47-ge53b351184 (webtiles) character file.

Game seed: 17195784459032213539

1647 Zeld the Chiller (level 9, 68/68 HPs)
             Began as a Merfolk Ice Elementalist on Apr 29, 2022.
             Was an Initiate of Vehumet.
             Quit the game on level 5 of the Dungeon.
             The game lasted 00:11:43 (7446 turns).

Zeld the Chiller (Merfolk Ice Elementalist)         Turns: 7446, Time: 00:11:43

Health: 68/68      AC:  9    Str: 13    XL:     9   Next: 0%
Magic:  16/16      EV: 12    Int: 18    God:    Vehumet [......]
Gold:   217        SH:  0    Dex: 15    Spells: 6/17 levels left

rFire   . . .      SeeInvis .   a - +0 spear (vorpal)
rCold   . . .      Faith    .   (no shield)
rNeg    . . .      Spirit   .   i - +3 ring mail "Zarchiva" {Will+ Str+5 Stlth+}
rPois   .          Reflect  .   q - +0 helmet
rElec   .          Harm     .   (no cloak)
rCorr   .          Rampage  .   (no gloves)
Will    +....                   (no boots)
Stlth   +++.......              (no amulet)
HPRegen 0.21/turn               (no ring)
MPRegen 0.15/turn               (no ring)

@: no status effects
A: (nimble swimmer 2), mertail
a: Renounce Religion


You were on level 5 of the Dungeon.
You worshipped Vehumet.
Vehumet was noncommittal.
You visited 2 branches of the dungeon, and saw 6 of its levels.

You collected 217 gold pieces.

Inventory:

Hand Weapons
 a - a +0 vorpal spear (weapon)
Armour
 i - the +3 ring mail "Zarchiva" (worn) {Will+ Str+5 Stlth+}
   (You found it on level 4 of the Dungeon)

   Str:       It affects your strength (+5).
   Will:      It increases your willpower.
   Stlth:     It makes you more stealthy.
 q - a +0 helmet (worn)
Wands
 g - a wand of paralysis (16)
Scrolls
 b - 2 scrolls of noise {unknown}
 c - 4 scrolls of identify {unknown}
 d - 2 scrolls of amnesia {unknown}
 f - a scroll of enchant weapon {unknown}
 j - a scroll of vulnerability {unknown}
 k - 3 scrolls of teleportation {unknown}
Potions
 e - 3 potions of magic {unknown}
 h - a potion of invisibility {unknown}
 l - a potion of curing


   Skills:
 * Level 5.2 Fighting
 * Level 5.9 Polearms
 + Level 2.2 Armour
 + Level 5.1 Dodging
 + Level 4.4 Stealth
 * Level 4.7 Spellcasting
 + Level 0.0 Conjurations
 * Level 6.8 Ice Magic
 + Level 0.0 Evocations


You had 6 spell levels left.
You knew the following spells:

 Your Spells              Type           Power      Damage    Failure   Level
a - Freeze                Ice            100%       1d11      1%          1
b - Frozen Ramparts       Ice            56%        1d7       5%          3
c - Ozocubu's Armour      Ice            28%        N/A       5%          3
d - Hailstorm             Conj/Ice       16%        3d6       56%         4

Your spell library contained the following spells:

 Spells                   Type           Power      Damage    Failure   Level
 Beastly Appendage        Tmut           8%         N/A       28%         1
 Wereblood                Tmut           4%         N/A       41%         2
 Spider Form              Tmut/Pois      4%         N/A       65%         3


Dungeon Overview and Level Annotations

Branches:
Dungeon (5/15)             Temple (1/1) D:5

Altars:
Cheibriados
Elyvilon
Fedhas
Gozag
Hepliaklqana
Kikubaaqudgha
Makhleb
Okawaru
Sif Muna
Trog
Uskayaw
Vehumet
Wu Jian
Xom
Yredelemnul
Zin
The Shining One

Shops:
D:2 ?

Annotations:
D:2 Sigmund
D:4 3 runed translucent doors, Atherized's ghost, novice MiBe


Innate Abilities, Weirdness & Mutations

((You are very nimble when in or above water. (Stealth+, EV+, Speed+++)))
Your lower body shifts to a powerful aquatic tail in water.


Message History

The hound misses you.
You hit the hound but do no damage.
The hound is moderately wounded.
The hound barely misses you.
You hit the hound.
The hound is heavily wounded.
The hound bites you but does no damage. The hound bites you.
You hit the hound but do no damage.
The hound is heavily wounded.
The hound barely misses you.
You completely miss the hound.
The hound is heavily wounded.
The hound completely misses you.
You closely miss the hound.
The hound is heavily wounded.
The hound barely misses you.
You closely miss the hound.
The hound is heavily wounded.
The hound bites you but does no damage. The hound barely misses you.
You hit the hound but do no damage.
The hound is heavily wounded.
The hound bites you but does no damage.
You miss the hound.
The hound is heavily wounded.
The hound bites you but does no damage.
You hit the hound.
You kill the hound!
Vehumet accepts your kill.
You have reached level 9!
Your experience leads to an increase in your attributes!
Your base attributes are Str 8, Int 16, Dex 15.
Increase (S)trength, (I)ntelligence, or (D)exterity?
You feel clever. x2
Okay, then.
Unknown command.
Found a stone staircase leading up.
You now have 217 gold pieces (gained 11).
Found a stone staircase leading down.
Found an escape hatch in the ceiling.
Are you sure you want to abandon this character and quit the game? (Confirm with "yes".)

...# ...# ..<... ...#
.....# ...## .....
.....## ....####......
....... ......###....#
....... .............#
##.......
.............###........
...........#....@..≈.≈≈≈
<..........#..#....≈....
...............#...≈.###
...............#...≈.#
.#.....##..#.###.>.≈.#
.......####### #...≈...
.......# ##..≈.###
.....### ..≈... ......#
..≈≈≈≈


There were no monsters in sight!

Vanquished Creatures
  Pikel (D:3)
  Menkaure (D:4)
  An ice beast (D:5)
  A black bear (D:4)
  An ogre (D:4)
  A centaur (D:5)
  A lemure (D:4)
  Blork the orc (D:4)
  A water moccasin zombie (D:5)
  A scorpion (D:4)
  2 bullfrog skeletons (D:4)
  3 hounds
  6 iguanas
  3 orc wizards
  A scorpion zombie (D:5)
  A killer bee zombie (D:4)
  A hound skeleton (D:5)
  A howler monkey zombie (D:5)
  5 adders
  An ufetubus (D:4)
  2 worms (D:2)
  A dart slug (D:1)
  8 orcs
  10 bats
  4 endoplasms
  A giant cockroach (D:4)
  5 hobgoblins
  2 jackals (D:1)
  9 kobolds
  8 ball pythons
  4 frilled lizards
  12 goblins
  3 rats
103 creatures vanquished.

Vanquished Creatures (others)
  A plant (D:4)
1 creature vanquished.

Grand Total: 104 creatures vanquished

Notes
Turn   | Place    | Note
-------+----------+-------------------------------------------
     0 | D:1      | Zeld the Merfolk Ice Elementalist began the quest for the
                  | Orb.
     0 | D:1      | Reached XP level 1. HP: 13/13 MP: 3/3
   499 | D:1      | Reached XP level 2. HP: 19/20 MP: 1/5
   595 | D:1      | Reached skill level 1 in Fighting
  1188 | D:1      | Reached XP level 3. HP: 25/26 MP: 3/6
  1192 | D:1      | Learned a level 3 spell: Frozen Ramparts
  1973 | D:2      | Found a glowing golden altar of the Shining One.
  2031 | D:2      | Reached XP level 4. HP: 21/33 MP: 0/7
  2089 | D:2      | Found Cedaem's Magic Scroll Shoppe.
  2306 | D:2      | Noticed Sigmund
  2524 | D:2      | Noticed a great orb of eyes
  2526 | D:2      | Found a faded altar of an unknown god.
  2528 | D:2      | Noticed an eye of devastation
  2528 | D:2      | Noticed a floating eye
  2528 | D:2      | Noticed a floating eye
  3409 | D:3      | Reached XP level 5. HP: 25/39 MP: 9/9
  3416 | D:3      | Learned a level 3 spell: Ozocubu's Armour
  3877 | D:4      | Reached skill level 5 in Ice Magic
  4076 | D:4      | Identified the +1 robe of the Morning {Str+8}
  4115 | D:4      | Noticed Menkaure
  4123 | D:4      | Killed Menkaure
  4124 | D:4      | Reached skill level 1 in Armour
  4124 | D:4      | Reached XP level 6. HP: 11/46 MP: 0/10
  4129 | D:4      | Learned a level 4 spell: Hailstorm
  4375 | D:4      | Noticed Pikel
  4609 | D:3      | Killed Pikel
  4610 | D:3      | Reached XP level 7. HP: 38/53 MP: 3/12
  4856 | D:4      | Reached skill level 6 in Ice Magic
  5181 | D:4      | Found a runed translucent gate.
  5182 | D:4      | Found a runed translucent gate.
  5183 | D:4      | Found a runed translucent gate.
  5191 | D:4      | Reached XP level 8. HP: 47/60 MP: 7/13
  5745 | D:4      | Noticed Blork the orc
  5755 | D:4      | Killed Blork the orc
  5756 | D:4      | Reached skill level 5 in Polearms
  5839 | D:4      | Noticed Atherized's ghost (novice MiBe)
  5996 | D:4      | Identified the +3 ring mail "Zarchiva" {Will+ Str+5 Stlth+}
  6232 | D:5      | Entered Level 5 of the Dungeon
  6669 | D:5      | Reached skill level 5 in Fighting
  6669 | D:5      | Reached skill level 5 in Dodging
  6963 | D:5      | Found a blossoming altar of Fedhas.
  7002 | D:5      | Found a staircase to the Ecumenical Temple.
  7026 | Temple   | Entered the Ecumenical Temple
  7192 | Temple   | Became a worshipper of Vehumet
  7335 | D:5      | Reached XP level 9. HP: 68/68 MP: 16/16
  7446 | D:5      | Quit the game

Illustrated notes

Levels and vault maps discovered:
D:1:      minmay_arrival_nine_rooms, layout_loops_ring
D:2:      layout_basic, serial_shops, shop,
          hellmonk_ecumenical_altar_watching_god, basic_altar, uniq_sigmund
D:3:      layout_rooms, kennysheep_generic_room_8
D:4:      layout_cave_pools, gammafunk_ghost_icy, serial_bayou_pond_a,
          grunt_tough_drop, uniq_menkaure, uniq_blork_the_orc, uniq_pikel
D:5:      layout_cave_pools, mainiacjoe_overflow_brackets,
          fedhas_bush_and_centaur_altar, minmay_temple_entry_stoned_glass,
          wad_floor_pattern_untrapped, minmay_misc_feat_chi
Temple:   eino_temple_scatter_basement

Skill      XL: |  1  2  3  4  5  6  7  8 |
---------------+-------------------------+-----
Fighting       | 1 2 3 4 5 |  5.2
Dodging        | 3 4 5 |  5.1
Ice Magic      | 5 6 |  6.8
Polearms       | 2 3 4 5 |  5.9
Armour         | 1 2 |  2.2
Stealth        | 3 4 |  4.4
Spellcasting   | 3 4 |  4.7

Action                   |  1- 3 |  4- 6 |  7- 9 || total
-------------------------+-------+-------+-------++-------
Melee: Unarmed           |    58 |    18 |       ||    76
       Spear             |       |    46 |   193 ||   239
       Punch             |       |     1 |     3 ||     4
 Cast: Freeze            |    57 |    54 |    28 ||   139
       Frozen Ramparts   |       |     5 |    12 ||    17
  Use: Potion            |       |     1 |       ||     1
 Stab: Sleeping          |     1 |     3 |     3 ||     7
       Distracted        |       |       |     1 ||     1
Armor: Robe              |    33 |    17 |    13 ||    63
       Ring mail         |       |       |    36 ||    36
Dodge: Dodged            |    85 |    78 |   143 ||   306
